 Dungeon Crawl Stone Soup version 0.24.0-1-gfbc8707122 (webtiles) character file.

Game seed: 4718614572068904027, levelgen mode: deterministic

5799 MTVSty1e the Cleaver (level 10, -5/96 HPs)
             Began as a Minotaur Monk on Oct 28, 2019.
             Was a Believer of Okawaru.
             Slain by a death yak (24 damage)
             ... on level 8 of the Dungeon.
             The game lasted 00:14:29 (10224 turns).

MTVSty1e the Cleaver (Minotaur Monk)               Turns: 10224, Time: 00:14:30

Health: -5/96      AC:  9    Str: 18    XL:     10   Next: 50%
Magic:  9/9        EV:  5    Int:  7    God:    Okawaru [**....]
Gold:   464        SH:  7    Dex: 14    Spells: 9/9 levels left

rFire    + . .     SeeInvis .   a - +1 hand axe
rCold    . . .     Gourm    .   o - +0 shield
rNeg     . . .     Faith    .   h - +0 chain mail
rPois    .         Spirit   .   (helmet restricted)
rElec    .         Reflect  .   (no cloak)
rCorr    +         Harm     .   (no gloves)
MR       .....                  l - +0 pair of boots
Stlth    ..........             k - amulet of rage
HPRegen  0.26/turn              p - ring of protection from fire
MPRegen  0.11/turn              w - ring of resist corrosion

@: no status effects
A: retaliatory headbutt, horns 2
a: Heroism, Renounce Religion, Evoke Berserk Rage


You were on level 8 of the Dungeon.
You worshipped Okawaru.
Okawaru was pleased with you.
You were not hungry.

You visited 2 branches of the dungeon, and saw 9 of its levels.

You collected 464 gold pieces.

Inventory:

Hand Weapons
 a - a +1 hand axe (weapon)
Armour
 h - a +0 chain mail (worn)
 l - a +0 pair of boots (worn)
 o - a +0 shield (worn)
Jewellery
 d - an uncursed ring of stealth
 k - an amulet of rage (around neck)
 n - an uncursed ring of stealth
 p - a ring of protection from fire (left hand)
 s - an uncursed ring of protection from cold
 w - a ring of resist corrosion (right hand)
 H - an uncursed ring of protection from fire
 I - an uncursed ring of protection from cold
Wands
 r - a wand of acid (5)
 x - a wand of paralysis (3)
 y - a wand of flame (24)
 A - a wand of random effects (8)
Scrolls
 b - 2 scrolls of teleportation
 f - a scroll of remove curse
 g - a scroll of amnesia
 i - a scroll of enchant armour {unknown}
 j - a scroll of immolation
 u - 3 scrolls of identify
 D - a scroll of fog
Potions
 e - a potion of ambrosia
 m - 4 potions of mutation
 v - 4 potions of curing
 z - a potion of agility {unknown}
 E - a potion of cancellation {unknown}
 F - a potion of haste {unknown}
 J - a potion of invisibility {unknown}
Comestibles
 c - 12 rations


   Skills:
 + Level 11.3 Fighting
 * Level 14.9 Axes
 + Level 0.5 Armour
 - Level 3.2 Dodging
 - Level 1.5 Stealth
 + Level 0.5 Shields


You had 9 spell levels left.
You didn't know any spells.
Your spell library contained the following spells:

 Spells                   Type           Power        Failure   Level  Hunger
 Animate Skeleton         Necr           N/A          100%        1    ##.....
 Apportation              Tloc           #.....       100%        1    ##.....
 Confusing Touch          Hex            #.....       100%        1    ##.....
 Summon Small Mammal      Summ           #...         100%        1    ##.....


Dungeon Overview and Level Annotations

Branches:
Dungeon (8/15)             Temple (1/1) D:7            Lair (0/6) D:8

Altars:
Ashenzari
Cheibriados
Dithmenos
Elyvilon
Fedhas
Gozag
Hepliaklqana
Kikubaaqudgha
Makhleb
Nemelex Xobeh
Okawaru
Qazlal
Ru
Sif Muna
Trog
Uskayaw
Vehumet
Wu Jian
Xom
Zin
The Shining One

Shops:
D:7 :

Annotations:
D:8 Prince Ribbit


Innate Abilities, Weirdness & Mutations

You reflexively headbutt those who attack you in melee.
You have a pair of horns on your head.


Message History

The death yak is severely wounded.
You hit the death yak.
The death yak is severely wounded.
The death yak gores you!!
You hit the death yak but do no damage.
The death yak is severely wounded.
The death yak gores you!!
You are too injured to fight recklessly!
You are too injured to fight recklessly!
You are too injured to fight recklessly!
You are too injured to fight recklessly!
You are too injured to fight recklessly!
A death yak is nearby!
You fail to use your ability.
The death yak gores you!
* * * LOW HITPOINT WARNING * * *
Your shield and chain mail prevent you from hitting the death yak.
You headbutt the death yak.
The death yak is severely wounded.
The death yak gores you!!
You die...

#.....#...#.............#
#.....#...#[............#
#.....#...#########.....#
#.....#...##......#.....#
#.....#...##......##'####
#########.....#...'.......'......
..............#...##########.....
..............#.Y.##.... #...##
..............#.@....... #...##
..............##'###.... ##+###
...................# ... #.....
..................<# # #.....
...................# ##.....
...................# #......
.......!...........+ #......
####...............# #......
#...............# #......


You could see a death yak.

Vanquished Creatures
  An elephant (D:8)
  Grinder (D:3)
  A hippogriff (D:8)
  Sigmund (D:3)
  2 humans (D:8)
  5 yaks (D:7)
  A hungry ghost (D:8)
  Duvessa (D:7)
  2 sky beasts
  A phantom (D:8)
  An ice beast (D:8)
  A wolf (D:7)
  3 ogres
  3 centaurs
  2 crocodiles (D:8)
  2 big kobolds
  2 bullfrogs
  Blork the orc (D:5)
  5 gnoll sergeants (D:7)
  Dowan (D:7)
  3 scorpions
  3 wights (D:7)
  A howler monkey (D:6)
  6 crimson imps
  A centaur zombie (D:8)
  A jelly (D:8)
  2 centaur skeletons
  9 hounds
  2 bullfrog skeletons
  3 orc wizards (D:5)
  2 gnoll shamans (D:7)
  Terence (D:2)
  2 iguanas
  Ijyb (D:3)
  Natasha (thrice) (D:2)
  8 worker ants
  A hound skeleton (D:4)
  A worker ant zombie (D:6)
  26 gnolls
  12 adders
  A shadow imp (D:7)
  An ooze (D:2)
  An adder skeleton (D:4)
  5 leopard geckos
  24 orcs
  4 bats
  9 giant cockroaches
  5 goblins
  6 hobgoblins
  7 jackals
  16 kobolds
  3 quokkas
  4 frilled lizards
  A jackal skeleton (D:5)
  A leopard gecko skeleton (D:4)
  7 rats
220 creatures vanquished.

Notes
Turn   | Place    | Note
-------+----------+-------------------------------------------
     0 | D:1      | MTVSty1e the Minotaur Monk began the quest for the Orb.
     0 | D:1      | Reached XP level 1. HP: 19/19 MP: 0/0
   221 | D:1      | Reached skill level 4 in Axes
   262 | D:1      | Reached XP level 2. HP: 25/27 MP: 1/1
   617 | D:2      | Noticed Natasha
   618 | D:2      | Noticed a crimson imp
   623 | D:2      | Killed Natasha
   623 | D:2      | Reached skill level 5 in Axes
   623 | D:2      | Reached XP level 3. HP: 30/33 MP: 2/2
   661 | D:2      | Noticed Terence
   670 | D:2      | Killed Terence
   670 | D:2      | Reached XP level 4. HP: 37/41 MP: 3/3
   883 | D:2      | Noticed Natasha
   892 | D:2      | Killed Natasha
   892 | D:2      | Reached skill level 6 in Axes
   892 | D:2      | Reached XP level 5. HP: 33/47 MP: 4/4
  1114 | D:2      | Reached skill level 5 in Fighting
  1315 | D:2      | Noticed Natasha
  1327 | D:2      | Killed Natasha
  1816 | D:3      | Noticed Sigmund
  1837 | D:3      | Killed Sigmund
  1837 | D:3      | Reached skill level 7 in Axes
  1837 | D:3      | Reached XP level 6. HP: 52/57 MP: 5/5
  2215 | D:3      | Noticed Ijyb
  2216 | D:3      | Paralysed by Ijyb for 3 turns
  2224 | D:3      | Paralysed by Ijyb for 2 turns
  2228 | D:3      | Killed Ijyb
  2387 | D:3      | Noticed Grinder
  2393 | D:3      | Paralysed by Grinder for 7 turns
  2410 | D:3      | Killed Grinder
  2410 | D:3      | Reached skill level 8 in Axes
  2410 | D:3      | Reached XP level 7. HP: 54/64 MP: 6/6
  2871 | D:4      | Reached skill level 9 in Axes
  3707 | D:5      | Entered Level 5 of the Dungeon
  3781 | D:5      | Reached XP level 8. HP: 70/73 MP: 7/7
  3819 | D:5      | Noticed Blork the orc
  3831 | D:5      | Killed Blork the orc
  3831 | D:5      | Reached skill level 10 in Axes
  4771 | D:6      | Found a stormy altar of Qazlal.
  4792 | D:6      | Reached skill level 11 in Axes
  5470 | D:6      | Found a shimmering blue altar of Sif Muna.
  5768 | D:6      | Found a sacrificial altar of Ru.
  5898 | D:7      | Found a staircase to the Ecumenical Temple.
  5914 | D:7      | Reached XP level 9. HP: 82/82 MP: 8/8
  5916 | Temple   | Entered the Ecumenical Temple
  6145 | D:7      | Noticed Dowan
  6146 | D:7      | Noticed Duvessa
  6180 | D:6      | Found a glowing golden altar of the Shining One.
  6180 | D:6      | Found a shattered altar of Ashenzari.
  6582 | D:7      | Killed Dowan
  6584 | D:7      | Killed Duvessa
  6584 | D:7      | Reached skill level 12 in Axes
  6585 | D:7      | Found a sparkling altar of Nemelex Xobeh.
  6587 | D:7      | HP: 4/124 [centaur/arrow (6)]
  6926 | D:7      | HP: 3/84 [yak (2)]
  6979 | D:6      | Reached skill level 13 in Axes
  7265 | D:7      | Reached skill level 10 in Fighting
  7627 | D:7      | Found Seuj's Book Boutique.
  8361 | D:7      | Reached XP level 10. HP: 31/94 MP: 9/9
  8770 | D:7      | Reached skill level 14 in Axes
  8921 | D:7      | Found the +8 longbow "Zephyr" {speed, Dex+3 SInv}
  9350 | D:8      | Noticed Prince Ribbit
  9351 | D:8      | Found a staircase to the Lair.
  9351 | D:8      | Noticed an elephant
  9351 | D:8      | Noticed a death yak
  9401 | D:8      | Killed an elephant
  9653 | D:8      | Found a white marble altar of Elyvilon.
  9842 | D:8      | Found an iron altar of Okawaru.
  9857 | D:8      | Became a worshipper of Warmaster Okawaru
  9857 | D:8      | Reached * piety under Okawaru
  9857 | D:8      | Reached ** piety under Okawaru
 10224 | D:8      | Slain by a death yak

Levels and vault maps discovered:
D:1:      scummos_arrival_star, layout_loops_cross, minmay_worlds_worst_comb
D:2:      layout_loops_ring, uniq_natasha, uniq_terence
D:3:      layout_loops_corners, first_ration, uniq_sigmund, uniq_ijyb,
          uniq_grinder
D:4:      layout_cave_pools, minmay_quadrilaterals
D:5:      layout_loops_cross, uniq_blork_the_orc
D:6:      layout_layer_cave, kennysheep_mini, kennysheep_little_box,
          nicolae_overflow_hidden_temple, roderic_cross_of_infinity
D:7:      layout_cave_pools, temple_fountains, serial_gnoll_camp,
          gnoll_camp_mini_shop, gnoll_camp_mini_sergeant, gnoll_camp_huts_basic,
          gnoll_camp_medium_02, gnoll_camp_mini_basic, grunt_ogre_cave,
          nemelex_xobeh_ov_fountains_minmay, uniq_duvessa
D:8:      layout_gridville, kennysheep_mini_moat, okawaru_humans,
          david_lair_generic, uniq_prince_ribbit1
Temple:   dpeg_chambers_temple

Skill      XL: |  1  2  3  4  5  6  7  8  9 10 |
---------------+-------------------------------+-----
Axes           | 4 5 6 7 8 9 11 13 14 | 14.9
Fighting       | 4 5 6 7 8 10 11 | 11.3
Armour         | |  0.5
Dodging        | |  3.2
Stealth        | |  1.5
Shields        | |  0.5

Action                   |  1- 3 |  4- 6 |  7- 9 | 10-12 || total
-------------------------+-------+-------+-------+-------++-------
Melee: Hand axe          |    55 |   109 |   484 |   165 ||   813
       Headbutt          |    11 |    21 |    89 |    41 ||   162
 Abil: Evoke Berserk Rag |       |       |     2 |     2 ||     4
Evoke: Wand              |       |     2 |       |       ||     2
  Use: Scroll            |       |     1 |    14 |     1 ||    16
       Potion            |       |     1 |     6 |     1 ||     8
 Stab: Sleeping          |     1 |       |       |       ||     1
  Eat: Chunk             |       |     1 |     7 |       ||     8
       Ration            |       |     1 |     4 |     4 ||     9
Armor: Chain mail        |    23 |    63 |   196 |    65 ||   347
       Robe              |     1 |       |       |       ||     1
       Skin              |       |       |     6 |       ||     6
Dodge: Dodged            |    13 |    37 |   190 |    33 ||   273
Block: Shield            |       |       |     9 |    61 ||    70
